 Dungeon Crawl Stone Soup version 0.30-a0-360-g447f08457e (webtiles) character file.

Game seed: 7884131809418590212

42 MudFish the Sneak (level 3, 0/27 HPs)
             Began as a Merfolk Brigand on Nov 13, 2022.
             Frozen to death by an endoplasm (5 damage)
             ... on level 2 of the Dungeon.
             The game lasted 00:02:56 (935 turns).

MudFish the Sneak (Merfolk Brigand)                  Turns: 935, Time: 00:02:57

Health: 0/27       AC:  4    Str: 11    XL:     3   Next: 54%
Magic:  3/3        EV:  9    Int: 10    God:
Gold:   71         SH:  0    Dex: 17    Spells: 2/2 levels left

rFire   . . .      SeeInvis .    j - +0 trident
rCold   . . .      Faith    .    (no shield)
rNeg    . . .      Spirit   .    b - +0 robe
rPois   .          Reflect  .    h - +0 helmet
rElec   .          Harm     .    c - +0 cloak
rCorr   .          Rampage  .    (no gloves)
Will    .....                    (no boots)
Stlth   +++.......               (no amulet)
HPRegen 0.24/turn                (no ring)
MPRegen 0.08/turn                (no ring)

@: constricted
A: (nimble swimmer 2), mertail
a: no special abilities


You were on level 2 of the Dungeon.
You visited 1 branch of the dungeon, and saw 2 of its levels.

You collected 71 gold pieces.

Inventory:

Hand Weapons
 a - a +2 dagger
 j - a +0 trident (weapon)
Missiles
 d - 9 poisoned darts (quivered)
 e - 3 curare-tipped darts
 n - 4 stones
Armour
 b - a +0 robe (worn)
 c - a +0 cloak (worn)
 h - a +0 helmet (worn)
Jewellery
 g - a ring of flight
Scrolls
 f - 2 scrolls of teleportation {unknown}
 l - a scroll of enchant armour {unknown}
 m - a scroll of magic mapping {unknown}
 o - a scroll of poison {unknown}


   Skills:
 - Level 2.1 Fighting
 - Level 2.5 Short Blades
 * Level 1.7 Polearms
 + Level 2.2 Throwing
 - Level 1.3 Dodging
 * Level 5.3 Stealth


You had 2 spell levels left.
You didn't know any spells.
Your spell library was empty.

Dungeon Overview and Level Annotations

Branches:
Dungeon (2/15)

Altars:


Innate Abilities, Weirdness & Mutations

((You are very nimble when in or above water. (Stealth+, EV+, Speed+++)))
Your lower body shifts to a powerful aquatic tail in water.


Message History

You closely miss the adder.
The ball python bites you but does no damage.
The ball python constricts you. The jackal barely misses you.
The adder barely misses you. The endoplasm closely misses you.
The ball python bites you but does no damage.
The ball python constricts you. The jackal barely misses you.
Unknown command.
You hit the adder.
The adder is moderately wounded.
The adder bites you but does no damage.
The jackal bites you but does no damage.
The endoplasm closely misses you. The ball python bites you.
The ball python constricts you. The adder barely misses you.
Unknown command.
You miss the adder.
The adder is moderately wounded.
The jackal bites you but does no damage.
The ball python closely misses you. The ball python constricts you.
The endoplasm hits you but does no damage.
The adder bites you but does no damage.
The jackal bites you but does no damage.
The ball python misses you. The ball python constricts you.
The endoplasm freezes you.
You are frozen.
* * * LOW HITPOINT WARNING * * *
You closely miss the adder.
The adder is moderately wounded.
The adder closely misses you. The jackal bites you.
* * * LOW HITPOINT WARNING * * *
The ball python barely misses you. The ball python constricts you.
The adder bites you but does no damage. The jackal misses you.
The endoplasm barely misses you.
You hit the adder.
The adder is almost dead.
The ball python barely misses you. The ball python constricts you.
The adder closely misses you.
The jackal bites you but does no damage.
The endoplasm freezes you.
You are frozen.
You die...

#. .## ..# .# #.. ..##..#...
#..####.##..#.##
........##......
#.......##......
...#.........####
#.........#.....
.......hSJ#.#.#####.. ###
##....##S@............ ...
....J #......#...#.#.. ###
#.....########...#
########................#
.......#.##.###.........##
.......#....................
.......#####......†...######
.......+......##.######
.......######.##.#


You could see an adder, an endoplasm, a jackal and a ball python.

Vanquished Creatures
  An adder (D:2)
  4 ball pythons
  6 endoplasms
  A giant cockroach (D:1)
  A hobgoblin (D:1)
  3 jackals (D:2)
  4 kobolds (D:1)
  3 quokkas
  4 bats (D:1)
  A frilled lizard (D:1)
  2 rats (D:1)
30 creatures vanquished.

Notes
Turn   | Place    | Note
-------+----------+-------------------------------------------
     0 | D:1      | MudFish the Merfolk Brigand began the quest for the Orb.
     0 | D:1      | Reached XP level 1. HP: 16/16 MP: 1/1
   247 | D:1      | Reached XP level 2. HP: 22/22 MP: 2/2
   283 | D:1      | Reached skill level 5 in Stealth
   668 | D:1      | Reached skill level 1 in Polearms
   738 | D:1      | Reached XP level 3. HP: 27/27 MP: 3/3
   935 | D:2      | Frozen to death by an endoplasm

Illustrated notes

Levels and vault maps discovered:
D:1:      dpeg_arrival_shelter, layout_loops_corners,
          chequers_serial_rivers_small_b, minmay_indecisive_spiral
D:2:      layout_basic

Skill      XL: |  1  2 |
---------------+-------+-----
Stealth        | 5 |  5.3
Polearms       | 1 |  1.7
Fighting       | |  2.1
Short Blades   | |  2.5
Throwing       | |  2.2
Dodging        | |  1.3

Action                   || total
-------------------------++-------
Melee: Dagger            ||    19
       Trident           ||    56
       Punch             ||     1
  Use: Potion            ||     3
 Stab: Sleeping          ||    11
Armor: Robe              ||    47
Dodge: Dodged            ||    90

Table legend: (Time is in decaauts)
 A = Elapsed time spent in this place.
 B = Non-inter-level travel time spent in this place.
 C = Inter-level travel time spent in this place.
 D = Time resting spent in this place.
 E = Time spent auto-exploring this place.
 F = Levels seen in this place.
 G = Mean time per level.
                   A        B        C        D        E       F      G
               +--------+--------+--------+--------+--------+-----+--------+
         Total |    936 |    918 |     18 |      0 |    683 |   2 |  468.0 |
       Dungeon |    936 |    918 |     18 |      0 |    683 |   2 |  468.0 |
               +--------+--------+--------+--------+--------+-----+--------+

Top non-repeatable levels by time:
     D:1: 833 daAuts
     D:2: 103 daAuts
